 Dungeon Crawl Stone Soup version 0.20.1-1-g8b1a95d (console) character file.

443 hilaritas the Spear-Bearer (level 7, -2/54 HPs)
             Began as a Merfolk Fighter on Nov 25, 2017.
             Slain by Ymberto's ghost (9 damage)
             ... on level 4 of the Dungeon.
             The game lasted 00:06:00 (3392 turns).

hilaritas the Spear-Bearer (Merfolk Fighter)        Turns: 3392, Time: 00:06:01

Health: -2/54      AC:  5    Str: 18    XL:     7   Next: 2%
Magic:  7/7        EV:  8    Int: 13    God:
Gold:   105        SH:  9    Dex: 13    Spells: 6/6 levels left

rFire    . . .     SeeInvis .   a - +1 trident
rCold    . . .     Gourm    .   c - +0 shield
rNeg     . . .     Faith    .   p - +0 ring mail
rPois    .         Spirit   .   (no helmet)
rElec    .         Reflect  .   (no cloak)
rCorr    .         Harm     .   (no gloves)
MR       .....                  (no boots)
Stlth    ..........             (no amulet)
Regen    0.2/turn               w - ring of loudness (curse)
MPRegen  0.1/turn               (no ring)

@: brilliant
A: change form in water, swift swim, stealthy swim
a: no special abilities


You were on level 4 of the Dungeon.
You were very hungry.

You visited 1 branch of the dungeon, and saw 4 of its levels.

You collected 105 gold pieces.

Inventory:

Hand Weapons
 a - a +1 trident (weapon)
Missiles
 q - 5 tomahawks (quivered)
Armour
 c - a +0 shield (worn)
 p - a +0 ring mail (worn)
Jewellery
 e - an uncursed ring of fire
 n - an uncursed ring of flight
 w - a cursed ring of loudness (left hand)
Scrolls
 b - a scroll of identify
Potions
 l - 2 potions of magic
 s - a potion of agility {unknown}
Comestibles
 f - 3 bread rations
 g - a meat ration
 i - 2 royal jellies
 m - 3 fruits


   Skills:
 + Level 4.1 Fighting
 * Level 9.0 Polearms
 - Level 2.1 Armour
 + Level 4.1 Shields


You had 6 spell levels left.
You didn't know any spells.

Dungeon Overview and Level Annotations

Branches:
Dungeon (4/15)             Temple (0/1) D:4

Altars:
Fedhas
Yredelemnul

Annotations:
D:4 Ymberto's ghost, novice HuFi


Message History

Ymberto's ghost is heavily damaged.
Ymberto's ghost hits you but does no damage.
You hit Ymberto's ghost but do no damage.
Ymberto's ghost is heavily damaged.
You block Ymberto's ghost's attack.
You hit Ymberto's ghost but do no damage.
Ymberto's ghost is heavily damaged.
Ymberto's ghost hits you!
* * * LOW HITPOINT WARNING * * *
Unknown command.
It was a potion of curing.
You feel better. Ymberto's ghost hits you.
* * * LOW HITPOINT WARNING * * *
You closely miss Ymberto's ghost.
Ymberto's ghost is heavily damaged.
Ymberto's ghost hits you!
* * * LOW HITPOINT WARNING * * *
It was a potion of brilliance.
You feel clever all of a sudden. Ymberto's ghost hits you!
You die...

#............#,,,*,,,,,*
#........)...#,,,*,,,,,*
#........)...#,,,,******
****####.##)####..##,,,,*
,,,,#.ยง#+##..###..####+##
,,,,#.....'....#........#
,,,,+.<...#....#........#
,,,,#.....#..(.#......(.#
,***##.####.####...##..##********
,**,*#.#**######...##..#,,,,,,,,,
,,*,,...,,,,+...@........*,,,,,,,
,,*,.....,,,#...W........#,,,,,,,
,,*......,,,#............#,,,,,,,
,,#.......,,##...#######.#,,,,,,,
,***,,,**,,,*#...#***,**##***,,,,
,*****+**+***#....,,,,,,,,,,*,,,,
,,,,,,,*,,,,,.....,,,,,,,,,,*,,,,
,,,,,,,*,,,,......,,,,,,,,,,*,,,,
,,,,,,,*,,,,,,,,,,,,,,,,,,,,*,,,,
*,**,,,**,,,**,,,****,**,,***,,,,
****,,,**+**************,,*****+*


You could see Ymberto's ghost.

Vanquished Creatures
  Grinder (D:3)
  4 orc wizards
  An orc priest (D:4)
  Terence (D:2)
  2 adders
  A worm (D:3)
  3 dart slugs
  3 leopard geckos
  3 orcs (D:3)
  3 giant cockroaches
  7 goblins
  10 hobgoblins
  4 jackals (D:3)
  A quokka (D:2)
  7 bats
  A frilled lizard (D:1)
  4 kobolds
  5 rats
61 creatures vanquished.

Notes
Turn   | Place    | Note
-------+----------+-------------------------------------------
     0 | D:1      | hilaritas the Merfolk Fighter began the quest for the Orb.
     0 | D:1      | Reached XP level 1. HP: 18/18 MP: 1/1
   121 | D:1      | Reached XP level 2. HP: 15/24 MP: 2/2
   816 | D:2      | Found a basalt altar of Yredelemnul.
   954 | D:2      | Reached XP level 3. HP: 26/30 MP: 3/3
   978 | D:2      | Reached skill level 4 in Polearms
  1774 | D:2      | Noticed Terence
  1780 | D:2      | Killed Terence
  1780 | D:2      | Reached skill level 5 in Polearms
  1780 | D:2      | Reached XP level 4. HP: 36/37 MP: 4/4
  2272 | D:3      | Noticed Grinder
  2276 | D:3      | Paralysed by Grinder for 6 turns
  2287 | D:3      | Killed Grinder
  2287 | D:3      | Reached skill level 7 in Polearms
  2287 | D:3      | Reached XP level 5. HP: 18/42 MP: 5/5
  2287 | D:3      | Reached XP level 6. HP: 21/48 MP: 6/6
  2588 | D:3      | Reached skill level 8 in Polearms
  2936 | D:3      | Found a blossoming altar of Fedhas.
  3130 | D:4      | Reached skill level 9 in Polearms
  3130 | D:4      | Reached XP level 7. HP: 21/54 MP: 7/7
  3366 | D:4      | Noticed Ymberto's ghost (novice HuFi)
  3392 | D:4      | Slain by Ymberto's ghost

Skill      XL: |  1  2  3  4  5  6 |
---------------+-------------------+-----
Polearms       | 5 7 9 |  9.0
Fighting       | 4 |  4.1
Shields        | 4 |  4.1
Armour         | |  2.1

Action                   |  1- 3 |  4- 6 |  7- 9 || total
-------------------------+-------+-------+-------++-------
Melee: Trident           |   136 |    90 |    28 ||   254
  Use: Potion            |       |     3 |     2 ||     5
       Scroll            |       |     6 |       ||     6
  Eat: Chunk             |     3 |     3 |     1 ||     7
Armor: Scale mail        |    41 |       |       ||    41
       Ring mail         |       |    14 |     4 ||    18
       Skin              |       |     4 |       ||     4
Dodge: Dodged            |    30 |    10 |       ||    40
Block: Shield            |    58 |    26 |     7 ||    91
